 Dungeon Crawl Stone Soup version 0.29-a0-352-g0917bc69df (webtiles) character file.

Game seed: 3675928684609736929

136 101zpm the Gusty (level 5, -3/37 HPs)
             Began as a Gnoll Air Elementalist on Apr 24, 2022.
             Slain by a gnoll
             ... wielding a +0 flail
              (4 damage)
             ... on level 3 of the Dungeon.
             The game lasted 00:04:17 (2221 turns).

101zpm the Gusty (Gnoll Air Elementalist)           Turns: 2221, Time: 00:04:18

Health: -3/37      AC:  2    Str:  7    XL:     5   Next: 19%
Magic:  7/12       EV: 13    Int: 17    God:
Gold:   215        SH:  0    Dex: 12    Spells: 13/14 levels left

rFire   . . .      SeeInvis .     - Unarmed
rCold   . . .      Faith    .   (no shield)
rNeg    . . .      Spirit   .   a - +0 robe
rPois   .          Reflect  .   (no helmet)
rElec   .          Harm     .   (no cloak)
rCorr   .          Rampage  .   (no gloves)
Will    .....                   (no boots)
Stlth   +++.......              (no amulet)
HPRegen 0.12/turn               (no ring)
MPRegen 0.13/turn               (no ring)

@: no status effects
A: fangs 1, strong nose, distributed training
a: no special abilities


You were on level 3 of the Dungeon.
You visited 1 branch of the dungeon, and saw 4 of its levels.

You collected 215 gold pieces.

Inventory:

Armour
 a - a +0 robe (worn)
Jewellery
 e - a ring of flight
Wands
 g - a wand of iceblast (10)
Scrolls
 d - a scroll of amnesia {unknown}
 j - 2 scrolls of teleportation {unknown}
 k - 2 scrolls of enchant armour {unknown}
 l - a scroll of enchant weapon {unknown}
 n - a scroll of fog {unknown}
 o - a scroll of noise {unknown}
Potions
 b - a potion of magic
 c - 4 potions of lignification {unknown}
 f - a potion of degeneration {unknown}
 h - a potion of resistance {unknown}
 i - 2 potions of mutation {unknown}
 m - a potion of curing {unknown}
 p - a potion of flight {unknown}


   Skills:
 + Level 1.4 Fighting
 + Level 1.4 Short Blades
 + Level 1.4 Long Blades
 + Level 1.4 Axes
 + Level 1.4 Maces & Flails
 + Level 1.4 Polearms
 + Level 1.4 Staves
 + Level 1.4 Slings
 + Level 1.4 Bows
 + Level 1.4 Crossbows
 + Level 1.4 Throwing
 + Level 1.4 Armour
 + Level 4.7 Dodging
 + Level 4.3 Stealth
 + Level 1.4 Shields
 + Level 1.4 Unarmed Combat
 + Level 5.1 Spellcasting
 + Level 2.3 Conjurations
 + Level 1.1 Hexes
 + Level 1.1 Summonings
 + Level 1.1 Necromancy
 + Level 1.1 Translocations
 + Level 1.1 Transmutations
 + Level 1.1 Fire Magic
 + Level 1.1 Ice Magic
 + Level 5.5 Air Magic
 + Level 1.1 Earth Magic
 + Level 1.1 Poison Magic
 + Level 1.5 Invocations
 + Level 1.4 Evocations


You had 13 spell levels left.
You knew the following spells:

 Your Spells              Type           Power      Damage    Failure   Level
a - Shock                 Conj/Air       68%        1d7       2%          1

Your spell library contained the following spells:

 Spells                   Type           Power      Damage    Failure   Level
 Static Discharge         Conj/Air       17%        N/A       4%          2
 Swiftness                Air            23%        N/A       4%          3
 Airstrike                Air            11%        N/A       14%         4


Dungeon Overview and Level Annotations

Branches:
Dungeon (4/15)
 Temple: D:4-7

Altars:
Makhleb

Shops:
D:3 (


Innate Abilities, Weirdness & Mutations

You have very sharp teeth.
Your uncanny sense of smell can sniff out nearby items.
Your experience applies equally to all skills.


Message History

Aim: a gnoll, wielding a +0 flail (75% to hit)
The zap hits the gnoll.
The gnoll is lightly wounded.
The zap hits the gnoll.
The gnoll is heavily wounded.
The gnoll closely misses you. The gnoll misses you.
Aiming: Shock (safe; 2% risk of failure)
Press: ? - help, Q - select action, (/) - cycle Shift-Dir - straight line, f/p - gnoll
Aim: a gnoll, wielding a +0 flail (heavily wounded, 75% to hit)
The zap misses the gnoll. x2
The gnoll barely misses you. x2
Aiming: Shock (safe; 2% risk of failure)
Press: ? - help, Q - select action, (/) - cycle Shift-Dir - straight line, f/p - gnoll
Aim: a gnoll, wielding a +0 flail (heavily wounded, 75% to hit)
The zap hits the gnoll.
The gnoll is heavily wounded.
The zap hits the gnoll.
The gnoll is almost dead.
The gnoll barely misses you. x2
The gnoll hits you with a +0 spear. The gnoll barely misses you.
The gnoll hits you from afar with a +0 halberd!
Things that are here:
a +0 club; a goblin corpse The gnoll hits you from afar with a +0 spear.
* * * LOW HITPOINT WARNING * * *
The gnoll misses you. x2
There is a stone staircase leading up, spattered with blood here.
The gnoll closely misses you. The gnoll misses you. x2
The gnoll hits you from afar with a +0 halberd.
* * * LOW HITPOINT WARNING * * *
You climb upwards.
There is a stone staircase leading down here.
The gnoll attacks as you move away! The gnoll barely misses you.
The gnoll attacks as you move away! The gnoll barely misses you.
The gnoll attacks as you move away! The gnoll barely misses you.
You see here a +0 club.
The gnoll attacks as you move away! The gnoll hits you with a +0 flail.
* * * LOW HITPOINT WARNING * * *
The gnoll attacks as you move away! The gnoll hits you with a +0 flail.
You die...

#.........# ##≈≈≈≈## #.........#
#≈≈≈≈≈# #####'#########≈≈≈≈≈###
#..# ##..88≈≈≈≈≈88
##'####............ ########
#....##............ .......#
#....##...88≈≈≈≈≈88 .......#
#..[.##......≈≈≈≈## .......#
##@.###...##.≈≈≈≈≈#
.......##########g# #.<.##.≈≈≈≈≈#
......†........##g# #<..##.#≈≈≈≈#
#####..........##.########.#≈≈≈≈≈
#..........'..># #.#≈≈≈≈≈
#..........##..#######.##≈≈≈≈
#######...###..#.....#.##≈≈≈≈
###.###.##.....#.##≈≈≈≈
#.....##.....#.#≈≈≈≈≈


You could see 2 gnolls.

Vanquished Creatures
  A howler monkey (D:3)
  Terence (D:3)
  4 adders
  2 worms
  4 endoplasms
  A giant cockroach (D:2)
  5 goblins
  6 hobgoblins
  2 jackals (D:3)
  A quokka (D:2)
  A ball python (D:2)
  3 bats
  A frilled lizard (D:3)
  A kobold (D:3)
  2 rats
35 creatures vanquished.

Notes
Turn   | Place    | Note
-------+----------+-------------------------------------------
     0 | D:1      | 101zpm the Gnoll Air Elementalist began the quest for the
                  | Orb.
     0 | D:1      | Reached XP level 1. HP: 13/13 MP: 6/6
   182 | D:2      | Reached XP level 2. HP: 20/20 MP: 0/7
   762 | D:2      | Reached skill level 5 in Spellcasting
   762 | D:2      | Reached XP level 3. HP: 25/25 MP: 3/9
  1072 | D:3      | Reached skill level 1 in Invocations
  1159 | D:3      | Noticed Terence
  1178 | D:3      | Killed Terence
  1179 | D:3      | Reached skill level 1 in Fighting
  1179 | D:3      | Reached skill level 1 in Short Blades
  1179 | D:3      | Reached skill level 1 in Long Blades
  1179 | D:3      | Reached skill level 1 in Axes
  1179 | D:3      | Reached skill level 1 in Maces & Flails
  1179 | D:3      | Reached skill level 1 in Polearms
  1179 | D:3      | Reached skill level 1 in Staves
  1179 | D:3      | Reached skill level 1 in Slings
  1179 | D:3      | Reached skill level 1 in Bows
  1179 | D:3      | Reached skill level 1 in Crossbows
  1179 | D:3      | Reached skill level 1 in Throwing
  1179 | D:3      | Reached skill level 1 in Armour
  1179 | D:3      | Reached skill level 1 in Shields
  1179 | D:3      | Reached skill level 1 in Unarmed Combat
  1179 | D:3      | Reached skill level 1 in Evocations
  1179 | D:3      | Reached XP level 4. HP: 19/32 MP: 4/11
  1314 | D:3      | Found a burning altar of Makhleb.
  1321 | D:3      | Noticed an Executioner
  1337 | D:3      | Found Fatesiat's Antique Weapon Boutique.
  1879 | D:3      | Reached skill level 1 in Hexes
  1879 | D:3      | Reached skill level 1 in Summonings
  1879 | D:3      | Reached skill level 1 in Necromancy
  1879 | D:3      | Reached skill level 1 in Translocations
  1879 | D:3      | Reached skill level 1 in Transmutations
  1879 | D:3      | Reached skill level 1 in Fire Magic
  1879 | D:3      | Reached skill level 1 in Ice Magic
  1879 | D:3      | Reached skill level 1 in Earth Magic
  1879 | D:3      | Reached skill level 1 in Poison Magic
  1879 | D:3      | Reached XP level 5. HP: 37/37 MP: 6/12
  2220 | D:3      | HP: 1/37 [gnoll/+0 flail (6)]
  2221 | D:3      | Slain by a gnoll

Illustrated notes

Levels and vault maps discovered:
D:1:      dpeg_arrival_rooms_c, layout_basic, hellmonk_ecumenical_altar_run_dry,
          roderic_lattice_a, item_on_display_a
D:2:      layout_loops_ring
D:3:      wander_river, layout_basic, makhleb_altar_promises_db, serial_shops,
          shop_coins, uniq_terence
D:4:      layout_rooms, st_stairs_1, uniq_edmund

Skill      XL: |  1  2  3  4 |
---------------+-------------+-----
Conjurations   | 2 |  2.3
Spellcasting   | 5 |  5.1
Invocations    | 1 |  1.5
Fighting       | 1 |  1.4
Short Blades   | 1 |  1.4
Long Blades    | 1 |  1.4
Axes           | 1 |  1.4
Maces & Flails | 1 |  1.4
Polearms       | 1 |  1.4
Staves         | 1 |  1.4
Slings         | 1 |  1.4
Bows           | 1 |  1.4
Crossbows      | 1 |  1.4
Throwing       | 1 |  1.4
Armour         | 1 |  1.4
Shields        | 1 |  1.4
Unarmed Combat | 1 |  1.4
Evocations     | 1 |  1.4
Hexes          | 1 |  1.1
Summonings     | 1 |  1.1
Necromancy     | 1 |  1.1
Translocations | 1 |  1.1
Transmutations | 1 |  1.1
Fire Magic     | 1 |  1.1
Ice Magic      | 1 |  1.1
Earth Magic    | 1 |  1.1
Poison Magic   | 1 |  1.1
Dodging        | |  4.7
Stealth        | |  4.3
Air Magic      | |  5.5

Action                   |  1- 3 |  4- 6 || total
-------------------------+-------+-------++-------
 Cast: Shock             |    49 |    39 ||    88
Armor: Robe              |       |     2 ||     2
Dodge: Dodged            |    11 |    20 ||    31

Table legend: (Time is in decaauts)
 A = Elapsed time spent in this place.
 B = Non-inter-level travel time spent in this place.
 C = Inter-level travel time spent in this place.
 D = Time resting spent in this place.
 E = Time spent auto-exploring this place.
 F = Levels seen in this place.
 G = Mean time per level.
                   A        B        C        D        E       F      G
               +--------+--------+--------+--------+--------+-----+--------+
         Total |   2247 |   2126 |    121 |    161 |   1766 |   4 |  561.8 |
       Dungeon |   2247 |   2126 |    121 |    161 |   1766 |   4 |  561.8 |
               +--------+--------+--------+--------+--------+-----+--------+

Top non-repeatable levels by time:
     D:3: 1228 daAuts
     D:2: 981 daAuts
     D:1: 23 daAuts
     D:4: 13 daAuts
